Map: King Sejong Station LE

Players

Kelazhur - Winner!

  • Race: Terran Terran
  • League: Master

SortOf

  • Race: Zerg Zerg
  • League: Master

VOD

https://www.youtube.com/watch?v=4w14fLykSmQ

Description

Time

  • Played on: Nov. 25, 2016, 12:52 p.m.
  • Length: 11:51
Show
View Real Time Build Order
Export as new Build Order

Kelazhur Terran - Winner!

Build Orders: Reaper Expand, MMM Bio 

Get SALT Encoding   

  12  0:00  SCV  
  13  0:12  SCV  
  14  0:17  Supply Depot  
  14  0:24  SCV  
  15  0:38  SCV  
  15  0:40  Barracks  
  16  0:43  Refinery  
  16  0:50  SCV  
  17  1:03  SCV  
  18  1:15  SCV  
  19  1:27  Reaper  
  19  1:28  Orbital Command  
  20  1:39  Command Center  
  20  1:49  Barracks  
  20  1:53  SCV  
  21  2:00  Barracks Reactor  
  21  2:03  Supply Depot  
  21  2:06  SCV  
  22  2:11  Refinery  
  22  2:18  SCV  
  22  2:22  Factory  
  23  2:30  SCV  
  23  2:38  Marine x2  
  23  2:40  Barracks Tech Lab  
  23  2:43  SCV  
  26  2:47  Supply Depot  
  26  2:57  Marine x2  
  28  3:02  SCV  
  29  3:06  Stimpack, Marine  
  30  3:15  Marine, SCV  
  30  3:16  Marine  
  33  3:23  Orbital Command  
  33  3:31  Starport  
  33  3:33  Marine  
  34  3:37  SCV  
  34  3:39  Factory Reactor  
  35  3:44  Marine x2  
  35  3:48  SCV  
  38  3:49  SCV  
  38  3:53  Marine  
  40  4:02  Marine x2  
  42  4:03  SCV  
  42  4:04  SCV  
  44  4:11  Marine  
  44  4:15  Supply Depot, SCV  
  46  4:19  Marine  
  46  4:20  Marine  
  46  4:21  Medivac  
  46  4:22  Medivac  
  46  4:23  SCV  
  53  4:28  Engineering Bay  
  53  4:33  Widow Mine  
  53  4:35  Supply Depot  
  53  4:36  SCV  
  53  4:38  Marine x2, SCV  
  56  4:39  Marine  
  59  4:49  SCV  
  59  4:50  SCV  
  59  4:52  Supply Depot  
  59  4:56  Marine x3  
  62  5:01  SCV  
  62  5:02  SCV  
  62  5:03  Supply Depot  
  64  5:13  SCV  
  65  5:14  SCV  
  65  5:20  Combat Shields  
  66  5:23  Command Center, Terran Infantry Weapons Level 1  
  66  5:25  SCV  
  66  5:26  SCV  
  66  5:27  Marine x2  
  66  5:28  Marine  
  71  5:34  Supply Depot  
  71  5:37  SCV  
  71  5:38  SCV  
  71  5:40  Factory Tech Lab  
  73  5:47  Marine x3  
  73  5:49  SCV  
  77  5:50  SCV  
  77  5:59  Refinery x2  
  77  6:00  Siege Tank  
  77  6:01  SCV  
  77  6:02  Engineering Bay, Armory  
  81  6:06  Medivac x2  
  81  6:07  SCV  
  86  6:13  Marauder  
  86  6:14  Marine x2  
  90  6:23  SCV  
  90  6:24  SCV  
  92  6:32  Barracks  
  92  6:33  Barracks  
  92  6:35  Siege Tank, Barracks  
  92  6:39  SCV  
  96  6:40  Liberator  
  96  6:43  Marauder, Marine x2  
  96  6:44  Supply Depot  
  96  6:45  Terran Infantry Armor Level 1  
  100  6:52  SCV x2  
  105  7:02  Medivac  
  105  7:04  SCV  
  105  7:05  Marine  
  105  7:06  SCV, Marine  
  110  7:11  Supply Depot  
  110  7:13  Orbital Command  
  110  7:16  SCV  
  110  7:17  Marauder  
  110  7:18  SCV  
  110  7:20  Terran Infantry Weapons Level 2  
  114  7:28  Refinery, SCV  
  115  7:30  SCV  
  115  7:31  Supply Depot  
  115  7:39  Barracks Reactor  
  115  7:40  Barracks Reactor x2, SCV  
  115  7:42  SCV  
  115  7:43  SCV  
  115  7:46  Marine x2  
  115  7:47  Marauder  
  119  7:52  Siege Tank, SCV  
  119  7:54  SCV  
  124  7:59  SCV  
  124  8:00  Supply Depot  
  124  8:03  Concussive Shells  
  124  8:04  Medivac  
  127  8:07  Marine x2  
  127  8:09  Marauder, SCV  
  132  8:17  Unknown  
  132  8:21  Marine x6  
  132  8:25  Marine  
  135  8:30  Marauder  
  137  8:34  Marine  
  137  8:36  Supply Depot  
  137  8:38  Terran Vehicle Weapons Level 1  
  137  8:39  Marine x3  
  137  8:40  Terran Infantry Armor Level 2  
  141  8:50  Supply Depot  
  141  8:56  Liberator, Supply Depot  
  141  8:58  Siege Tank, Supply Depot, Marine  
  141  8:59  Factory  
  141  9:00  Liberator  
  149  9:05  Supply Depot  
  149  9:12  Marauder, Marine x6  
  149  9:13  Marine  
  158  9:24  Marine  
  158  9:29  Marine x2  
  161  9:31  Command Center  
  161  9:32  Supply Depot, Marine x4  
  161  9:33  Siege Tank  
  166  9:40  Barracks  
  166  9:41  Barracks  
  166  9:42  Barracks  
  166  9:43  Supply Depot  
  163  9:56  Medivac, Marauder, Marine  
  163  9:57  Marine  
  163  9:58  Supply Depot  
  155  10:00  Medivac  
  155  10:06  Factory Tech Lab  
  155  10:08  Marine x6  
  161  10:14  Marine x2  
  163  10:22  Marauder  
  163  10:26  Marine x3  
  163  10:27  Siege Tank x2  
  172  10:30  Liberator x2  
  172  10:31  Barracks  
  172  10:34  Marine x5  
  170  10:41  Marine x3  
  173  10:43  Marauder  
  173  10:44  Marine x3  
  184  10:51  Marine  
  184  10:52  Marine x4  
  189  10:59  Marine x3  
  189  11:03  Marine  
  193  11:05  Marauder  
  193  11:09  Marine  
  193  11:10  Missile Turret, Marine x5  
Show
View Real Time Build Order
Export as new Build Order

SortOf Zerg 

Build Orders: Pool First 

Get SALT Encoding   

  12  0:00  Drone  
  13  0:12  Overlord  
  13  0:17  Drone  
  14  0:31  Drone x2  
  16  0:35  Drone  
  17  0:44  Spawning Pool  
  17  0:48  Drone  
  17  0:59  Drone  
  18  1:12  Hatchery  
  17  1:33  Hatchery  
  17  1:34  Zergling x2  
  17  1:43  Queen  
  20  1:47  Drone  
  20  1:53  Overlord  
  20  1:57  Drone  
  20  2:00  Extractor  
  20  2:01  Drone  
  21  2:11  Drone  
  22  2:19  Queen  
  22  2:20  Zergling x2  
  25  2:26  Drone  
  26  2:33  Drone  
  27  2:38  Queen  
  27  2:40  Drone  
  30  2:49  Drone x3  
  33  2:54  Drone  
  33  2:55  Drone x2  
  36  3:03  Metabolic Boost  
  35  3:06  Drone x2  
  35  3:11  Zergling x4  
  39  3:16  Overlord  
  39  3:18  Drone  
  40  3:22  Drone x2  
  42  3:30  Overlord  
  42  3:32  Overlord  
  42  3:36  Queen  
  42  3:40  Drone x2  
  46  3:41  Drone  
  46  3:45  Drone  
  48  3:49  Roach Warren  
  48  3:52  Zergling x4  
  48  3:54  Drone  
  50  4:01  Drone x2  
  51  4:03  Drone  
  51  4:05  Lair  
  51  4:08  Extractor, Drone  
  52  4:11  Drone  
  52  4:12  Drone  
  54  4:19  Overlord  
  54  4:20  Drone  
  54  4:21  Drone x3  
  58  4:26  Overlord  
  58  4:30  Overlord  
  58  4:34  Overlord x2  
  58  4:37  Overlord  
  58  4:40  Roach  
  58  4:41  Evolution Chamber  
  56  4:47  Roach  
  56  4:48  Roach x3  
  56  4:51  Roach  
  64  4:55  Spore Crawler  
  64  4:58  Spore Crawler  
  64  4:59  Drone x2  
  65  5:00  Drone  
  65  5:01  Roach  
  65  5:05  Overlord  
  67  5:07  Roach  
  67  5:09  Glial Reconstitution  
  67  5:11  Roach  
  71  5:14  Roach, Extractor  
  71  5:16  Drone  
  71  5:19  Roach  
  75  5:21  Extractor  
  75  5:22  Drone  
  75  5:24  Drone  
  75  5:25  Drone  
  77  5:29  Roach x3  
  77  5:31  Drone  
  77  5:34  Overlord  
  84  5:35  Drone  
  84  5:38  Drone  
  84  5:39  Drone x2  
  88  5:43  Overlord  
  88  5:47  Drone x3  
  91  5:53  Zerg Ground Armor Level 1  
  91  5:57  Drone x4  
  91  6:01  Evolution Chamber, Overlord  
  91  6:03  Drone  
  91  6:04  Drone x2  
  97  6:08  Hydralisk Den, Drone  
  97  6:09  Drone  
  98  6:12  Drone x2  
  98  6:16  Drone x2  
  102  6:20  Queen  
  102  6:21  Overlord  
  102  6:26  Drone x2  
  102  6:27  Extractor  
  102  6:28  Extractor  
  102  6:29  Zerg Missile Weapons Level 1  
  102  6:31  Overlord  
  102  6:35  Spore Crawler  
  102  6:38  Roach x4  
  109  6:41  Grooved Spines  
  109  6:42  Hydralisk  
  109  6:43  Hydralisk  
  109  6:45  Drone  
  109  6:46  Drone  
  115  6:49  Hydralisk  
  115  6:52  Hydralisk  
  115  6:53  Hydralisk  
  121  7:02  Hydralisk  
  121  7:03  Hydralisk x2  
  127  7:12  Hatchery  
  127  7:14  Hydralisk x3  
  132  7:17  Overseer  
  132  7:18  Overlord  
  132  7:21  Hydralisk  
  132  7:22  Hydralisk  
  136  7:28  Hydralisk  
  138  7:30  Overlord x2  
  132  7:39  Drone  
  132  7:40  Drone x6  
  139  7:47  Hydralisk x4  
  139  7:48  Hydralisk  
  149  7:52  Muscular Augments  
  149  7:53  Overlord  
  149  7:54  Drone  
  149  7:57  Zergling x2  
  149  7:58  Zergling x2, Overlord  
  152  8:03  Extractor  
  152  8:05  Extractor, Drone x3  
  153  8:06  Drone  
  153  8:10  Hydralisk x2  
  156  8:20  Hydralisk  
  156  8:22  Zergling x8, Roach x3  
  156  8:25  Ravager x3  
  170  8:29  Infestation Pit  
  168  8:44  Zerg Ground Armor Level 2  
  168  8:45  Hatchery, Zerg Missile Weapons Level 2  
  168  8:47  Overlord x2  
  166  8:54  Overlord  
  166  8:55  Overlord  
  166  9:00  Extractor  
  166  9:01  Hydralisk x2, Overlord  
  169  9:03  Overlord  
  169  9:07  Hive  
  169  9:14  Overseer, Overlord  
  169  9:15  Hydralisk  
  169  9:16  Hydralisk  
  173  9:26  Hydralisk x4  
  181  9:34  Overlord  
  181  9:38  Drone x3  
  181  9:40  Roach x4  
  177  10:09  Overlord  
  177  10:10  Hydralisk x8  
  191  10:18  Viper x2  
  197  10:32  Hatchery  
  197  10:33  Viper x2  
  198  10:36  Overlord  
  198  10:42  Overlord  
  195  10:50  Evolution Chamber x2, Ravager  
  195  10:51  Ravager x3  
  195  10:54  Overlord  
  197  11:18  Spine Crawler  
Tags
 
Add a new tag
Caveats
  • Supply blocks, unpowered buildings, or Contaminate may cause inaccurate times.
  • Supply counts are checked every 10 seconds.